 Dungeon Crawl Stone Soup version 0.31-a0-486-g8d68a81214 (webtiles) character file.

Game seed: 8421875192196212738

25 AstroCodex24 the Shield-Bearer (level 2, -4/23 HPs)
             Began as a Vampire Fighter on Aug 7, 2023.
             Splashed by a jelly's acid (8 damage)
             ... on level 4 of the Dungeon.
             The game lasted 00:02:52 (550 turns).

AstroCodex24 the Shield-Bearer (Vampire Fighter)     Turns: 550, Time: 00:02:53

Health: -4/23      AC:  6    Str: 21    XL:     2   Next: 82%
Magic:  2/2        EV:  9    Int: 10    God:
Gold:   60         SH:  4    Dex: 13    Spells: 1/1 levels left

rFire   . . .        a - +0 war axe
rCold   . . .        c - +0 buckler
rNeg    . . .        b - +0 scale mail
rPois   .            (no helmet)
rElec   .            (no cloak)
rCorr   .            (no gloves)
SInv    +            (no boots)
Will    .....        (no amulet) Stlth
                     h - +6 ring of strength
HPRegen 0.43/turn    (no ring)
MPRegen 0.08/turn

%: no passive effects
@: healing quickly
A: alive, fangs 3, see invisible, vampiric 1
a: Exsanguinate


You were on level 4 of the Dungeon.
You visited 1 branch of the dungeon, and saw 5 of its levels.

You collected 60 gold pieces.

Inventory:

Hand Weapons
 a - a +0 war axe (weapon)
Armour
 b - a +0 scale mail (worn)
 c - a +0 buckler (worn)
Jewellery
 h - a +6 ring of strength (left hand)
Scrolls
 f - 2 scrolls of teleportation {unknown}
 g - a scroll of enchant weapon {unknown}
Potions
 d - 2 potions of might
 e - 2 potions of heal wounds


   Skills:
 + Level 2.8 Fighting
 + Level 2.0 Axes
 + Level 2.9 Armour
 + Level 0.4 Stealth
 + Level 2.9 Shields


You had one spell level left.
You didn't know any spells.
Your spell library was empty.

Dungeon Overview and Level Annotations

Branches:
Dungeon (5/15)
 Temple: D:4-7

Altars:
Uskayaw

Annotations:
D:5 Sigmund


Innate Abilities, Weirdness & Mutations

Your natural rate of healing is accelerated.
You have razor-sharp teeth.
You have supernaturally acute eyesight. (SInv)
You are afflicted with vampirism.


Message History

Sigmund shouts!
The jelly quivers.
The ufetubus shouts!
Found a serpent talisman and a robe.
Found three stone staircases leading down.
There is a stone staircase leading up here.
You climb upwards.
There is a stone staircase leading down here.
Unknown command.
You climb downwards.
Level annotation: Sigmund The ufetubus hits you but does no damage.
You block the ufetubus's attack.
The scorpion stings you but does no damage.
The ufetubus hits you but does no damage.
You block the ufetubus's attack.
Sigmund points at you and mumbles some strange words.
The puff of flame hits you! You block the scorpion's attack.
There is a stone staircase leading up here.
The ufetubus closely misses you. The ufetubus barely misses you.
The jelly completely misses you. You block the ufetubus's attack.
The ufetubus hits you but does no damage.
The scorpion stings you but does no damage.
You climb upwards.
There is a stone staircase leading down here.
You hit the scorpion but do no damage. You hit the jelly.
Your hands burn!
You closely miss the ufetubus.
The ufetubus hits you but does no damage. x2
You block the scorpion's attack. The jelly hits you but does no damage.
The ufetubus closely misses you.
The ufetubus hits you but does no damage.
You barely miss the scorpion. You slash the jelly!
Your hands burn!
* * * LOW HITPOINT WARNING * * *
You barely miss the ufetubus. The scorpion closely misses you.
You block the ufetubus's attack. The ufetubus hits you.
* * * LOW HITPOINT WARNING * * *
The jelly hits you.
* * * LOW HITPOINT WARNING * * *
You are splashed with acid!
You die...

### #..
#.# ##.#
..###
#...#
#...# #
#<..##.###
#J@.......
#5s.......
#.........
#...##.###
#...# #
.....
.....##
.....#
.#....#


You could see a scorpion, a jelly and an ufetubus.

Vanquished Creatures
  3 dart slugs
  2 bats
  3 endoplasms
  A hobgoblin (D:2)
  A quokka (D:1)
  4 ball pythons
  A kobold (D:1)
  4 rats
19 creatures vanquished.

Notes
Turn   | Place    | Note
-------+----------+-------------------------------------------
     0 | D:1      | AstroCodex24 the Vampire Fighter began the quest for the
                  | Orb.
     0 | D:1      | Reached XP level 1. HP: 17/17 MP: 1/1
    82 | D:1      | Found a faded altar of an unknown god.
   274 | D:2      | Found a hide-covered altar of Uskayaw.
   294 | D:2      | Reached XP level 2. HP: 23/23 MP: 2/2
   541 | D:5      | Entered Level 5 of the Dungeon
   541 | D:5      | Noticed Sigmund
   541 | D:5      | Noticed a scorpion
   550 | D:4      | Splashed by a jelly's acid

Illustrated notes

Levels and vault maps discovered:
D:1:      co_arrival_random_square_maze, layout_basic,
          dreamdust_ecumenical_altar_statues
D:2:      layout_basic, basic_altar, grunt_ministairs_4
D:3:      layout_loops_ring, minmay_gold_behind_fungi, st_stairs_12
D:4:      layout_basic, nrook_loot_triangle
D:5:      layout_rooms, serial_curves, eino_curves_03, eino_curves_04,
          uniq_edmund, uniq_sigmund

Skill      XL: |  1  2 |
---------------+-------+-----
Axes           | 2 |  2.0
Fighting       | |  2.8
Armour         | |  2.9
Stealth        | |  0.4
Shields        | |  2.9

Action                     || total
---------------------------++-------
  Melee: War axe           ||    34
         Bite              ||     2
    Use: Potion            ||     1
 Armour: Scale mail        ||    32
  Dodge: Dodged            ||    30
  Block: Buckler           ||    20

Table legend: (Time is in decaauts)
 A = Elapsed time spent in this place.
 B = Non-inter-level travel time spent in this place.
 C = Inter-level travel time spent in this place.
 D = Time resting spent in this place.
 E = Time spent auto-exploring this place.
 F = Levels seen in this place.
 G = Mean time per level.
                   A        B        C        D        E       F      G
               +--------+--------+--------+--------+--------+-----+--------+
         Total |    564 |    564 |      0 |      0 |      0 |   5 |  112.8 |
       Dungeon |    564 |    564 |      0 |      0 |      0 |   5 |  112.8 |
               +--------+--------+--------+--------+--------+-----+--------+

Top non-repeatable levels by time:
     D:2: 215 daAuts
     D:1: 211 daAuts
     D:3: 119 daAuts
     D:4: 14 daAuts
     D:5: 4 daAuts
